 Dungeon Crawl Stone Soup version 0.28.0 (webtiles) character file.

Game seed: 2266980048342705870

26 psuckher the Sneak (level 2, 0/29 HPs)
             Began as a Troll Delver on Feb 16, 2022.
             Slain by an orc (4 damage)
             ... on level 5 of the Dungeon.
             The game lasted 00:00:42 (175 turns).

psuckher the Sneak (Troll Delver)                    Turns: 175, Time: 00:00:42

Health: 0/29       AC:  4    Str: 19    XL:     2   Next: 89%
Magic:  1/1        EV: 10    Int:  6    God:
Gold:   0          SH:  0    Dex: 11    Spells: 1/1 levels left

rFire   . . .      SeeInvis .     - Unarmed
rCold   . . .      Faith    .   (no shield)
rNeg    . . .      Spirit   .   a - +0 robe
rPois   .          Reflect  .   (helmet restricted)
rElec   .          Harm     .   (no cloak)
rCorr   .          Rampage  .   (gloves unavailable)
Will    .....                   (boots unavailable)
Stlth   ++........              (no amulet)
HPRegen 0.89/turn               (no ring)
MPRegen 0.07/turn               (no ring)

@: no status effects
A: large, unfitting armour, claws 3, regeneration 1, shaggy fur 1, tough skin 1
a: no special abilities


You were on level 5 of the Dungeon.
You visited 1 branch of the dungeon, and saw 1 of its levels.

Inventory:

Armour
 a - a +0 robe (worn)
Wands
 f - a wand of digging (3)
Scrolls
 b - a scroll of fog
 c - a scroll of magic mapping
 d - a scroll of fear
Potions
 e - a potion of haste
 g - a potion of invisibility {unknown}
 h - a potion of lignification {unknown}
 i - a potion of ambrosia {unknown}


   Skills:
 + Level 2.6 Fighting
 + Level 1.7 Dodging
 + Level 3.1 Stealth
 + Level 2.1 Unarmed Combat


You had one spell level left.
You didn't know any spells.
Your spell library contained the following spells:

 Spells                   Type           Power      Damage    Failure   Level
 Blink                    Tloc           0%         N/A       58%         2
 Manifold Assault         Tloc           0%         N/A       100%        5
 Storm Form               Tmut/Air       0%         N/A       100%        7


Dungeon Overview and Level Annotations

Branches:
Dungeon (5/15)
 Temple: D:4-7

Altars:


Innate Abilities, Weirdness & Mutations

You are too large for most types of armour.
You have claws for hands.
Your natural rate of healing is unusually fast.
You are covered in fur. (AC +1)
You have tough skin. (AC +1)


Message History

The orc freezes you.
You hear some strange, mumbled words.
A magic dart appears from out of thin air!
The magic dart hits you.
* * * LOW HITPOINT WARNING * * *
You miss something. The orc barely misses you.
You hear some strange, mumbled words.
You are confused.
You bump into the rock wall.
The orc hits you but does no damage. Something hits you.
* * * LOW HITPOINT WARNING * * *
You bump into the rock wall.
The orc hits you but does no damage. Something hits you but does no damage.
You scratch something but do no damage. The orc hits you but does no damage.
Unknown command.
You bump into the rock wall.
Something hits you. The orc closely misses you.
You bump into the rock wall.
Something hits you but does no damage. The orc closely misses you.
You bump into the rock wall.
Something hits you but does no damage.
The orc hits you with a +1 whip of freezing.
* * * LOW HITPOINT WARNING * * *
The orc freezes you.
* * * LOW HITPOINT WARNING * * *
You bump into the rock wall.
You feel less confused. Something hits you.
* * * LOW HITPOINT WARNING * * *
The orc barely misses you.
You closely miss something. Something hits you.
* * * LOW HITPOINT WARNING * * *
The orc closely misses you.
You scratch something.
Reactivating autopickup.
You feel a bit more experienced.
Your Stealth skill increases to level 3!
You have reached level 2!
You claw the orc!
The orc is almost dead.
The orc hits you with a +1 whip of freezing.
You die...

####+#+####+####..#
#(................##
#.........♣♣♣♣♣♣...#
#....?...♣♣ ♣.#.# #
#........♣♣ ♣.#.#.#
#.........♣ ♣♣.#...#
#.........♣♣♣♣♣...#..##
#.oo...#o##..............
#.######@o....#..#####.##
.o ########.#....#.#
..........##.#.##
#######..........
##.#####.## ..........
...#####... #...# #...
#...# ####


You could see 2 orcs.

Vanquished Creatures
  An orc wizard (D:5)
  An orc (D:5)
2 creatures vanquished.

Notes
Turn   | Place    | Note
-------+----------+-------------------------------------------
     0 | D:5      | psuckher the Troll Delver began the quest for the Orb.
     0 | D:5      | Reached XP level 1. HP: 22/22 MP: 0/0
   146 | D:5      | Noticed an orc wizard
   173 | D:5      | HP: 1/22 [something (2)]
   174 | D:5      | Killed an orc wizard
   175 | D:5      | Reached skill level 3 in Stealth
   175 | D:5      | Reached XP level 2. HP: 3/29 MP: 1/1
   175 | D:5      | Slain by an orc

Illustrated notes

Levels and vault maps discovered:
D:5:      layout_basic, mainiacjoe_overflow_alcove_1, nrook_campfire,
          nicolae_elevator_lobby_asterisk

Skill      XL: |  1 |
---------------+----+-----
Stealth        | 3 |  3.1
Fighting       | |  2.6
Dodging        | |  1.7
Unarmed Combat | |  2.1

Action                   || total
-------------------------++-------
Melee: Unarmed           ||    15
Armor: Robe              ||     9
Dodge: Dodged            ||     9
